NULL
Full Scoreboard »»

Red Wings vs Rangers

Created - May 15, 2024 at 23:13

Goals
1 2 3 T
Red Wings 0 0 2 2
Rangers 0 4 0 4
Shots
1 2 3 T
Red Wings 10 9 19 38
Rangers 5 15 10 30

GoalsPenalties
1st period
No Goal
Matt Benning (DET) for Interference (Minor) at 12:15
2nd period
1. Rangers , Jeff Skinner 27 (Filip Forsberg 36, Jean-Gabriel Pageau 25) at 1:41
2. Rangers , Ryan Hartman 23 (Erik Haula 36) at 10:08
3. Rangers , Mika Zibanejad 22 (Chris Kreider 22, Hampus Lindholm 16) at 12:13 (PP)
4. Rangers , Jeff Skinner 28 (Filip Forsberg 37, Erik Gustafsson 12) at 14:29
Charlie McAvoy (DET) for Interference (Minor) at 4:59
Torey Krug (DET) for Hooking (Minor) at 12:01
Artem Zub (DET) for Roughing (Minor) at 14:36
Ilya Mikheyev (DET) for Roughing (Minor) at 19:08
3rd period
5. Red Wings , Brayden Point 48 (Logan Couture 36, Drake Batherson 37) at 12:05
6. Red Wings , Logan Couture 30 (Brayden Point 52, Drake Batherson 38) at 18:02 (PP)
Alexis Lafreniere (NYR) for Fighting (Major) at 1:26
Artem Zub (DET) for Fighting (Major) at 1:26
Antti Raanta (NYR) for Slashing (Minor) at 17:42 - Alexis Lafreniere served the penalty
Goalie Stats
Casey Desmith (DET), 13 saves from 13 shots - (1.000), 25:31 minutes
John Gibson (DET), 13 saves from 17 shots - (0.765), L, 34-14-7, 34:29 minutes
Antti Raanta (NYR), 36 saves from 38 shots - (0.947), W, 16-9-5, 60:00 minutes
3 StarsOfficial
1 - Jeff Skinner (NYR)
2 - Filip Forsberg (NYR)
3 - Antti Raanta (NYR)
Referees : Unknown
Linesman : Unknown
Game Note
Casey Desmith enters game at 14:29 of 2nd period
Alexis Lafreniere beats up Artem Zub at 1:26 of 3rd period



Team Name Goals Shots Shots Attemp Shots Blocked PIM HIT PP PK FO%
Red Wings 238751015341 / 1 (100%)145%
Rangers 43067137251 / 5 (20%)155%

Red Wings
Player Name POS G A P +/- PIM HIT SHT SB MP PP MP PP SHT PK MP PK SHT FO% FOT GA TA
Artem ZubD000-2720017:570:0602:5800% 001
Brayden PointC/RW1121004018:290:0603:52157% 2300
Charlie McAvoyD000-1203123:200:1402:5400% 003
Daniel SprongLW/RW000-1044013:580:0000:0000% 000
Drake BathersonC/LW/RW0221042018:210:0604:0700% 410
Ilya MikheyevLW/RW000-1211013:430:1400:0000% 000
Jordan GreenwayLW/RW000-103009:330:0000:0000% 001
Kevin HayesC/LW/RW000-1055017:510:1404:07030% 1011
Logan CoutureC/LW1121008118:290:0613:5200% 000
Luke EvangelistaRW000-1004114:070:0000:0900% 100
Mario FerraroD000-2000120:360:0604:2700% 001
Matt BenningD0001230018:300:0002:1600% 000
Nicolas RoyC/RW000-1053113:580:0000:00050% 600
Philip TomasinoLW/RW000-100109:330:0000:0000% 101
Ryan JohansenC/RW000-1041013:320:1400:000100% 100
Samuel HonzekC/LW000-100109:420:0000:090100% 100
Torey KrugD000-1211522:420:1403:4100% 001
Travis HamonicD0001020017:250:0000:0000% 001
Rangers
Player Name POS G A P +/- PIM HIT SHT SB MP PP MP PP SHT PK MP PK SHT FO% FOT GA TA
Adam LarssonD0000021120:474:1800:0000% 011
Alexis LafreniereLW0000512210:180:0000:0000% 000
Brayden McNabbD0000040318:280:0000:1400% 000
Chris KreiderC/LW/RW0110001018:103:5700:0000% 100
Derick BrassardC/LW0000011011:410:0000:00080% 510
Erik GustafssonD0112010120:393:5000:0000% 000
Erik HaulaC/LW0110022012:350:0000:04029% 730
Filip ForsbergC/LW/RW0222042018:104:1100:00050% 210
Hampus LindholmD0110003119:023:5020:0600% 000
Jake McCabeD0002001016:550:0000:0600% 000
Jean-Gabriel PageauC/LW/RW0112032117:184:1110:00064% 1410
Jeff SkinnerC/LW2022013017:184:1100:0000% 010
Kaapo KakkoRW0000003012:470:0000:1600% 000
K'Andre MillerD0000023324:094:1800:1400% 000
Mats ZuccarelloLW/RW0000020018:403:5700:0000% 101
Mika ZibanejadC/LW/RW1010011018:263:5710:16056% 1600
Ryan HartmanC/LW/RW1010003012:350:0000:040100% 120
Tyler MotteC/LW/RW0000012111:410:0000:0000% 000

Red Wings

5 vs 5 Forward
Line #Left WingCenterRight WingPHYDFOFWanted %Time %Time Play
1Logan CoutureBrayden PointDrake Batherson1223028%14:31
2Ilya MikheyevKevin HayesRyan Johansen1223026%13:30
3Daniel SprongNicolas RoyLuke Evangelista1223027%13:58
4Philip TomasinoSamuel HonzekJordan Greenway1221019%9:33
5 vs 5 Defense
Line #DefenseDefensePHYDFOFWanted %Time %Time Play
1Charlie McAvoyTorey Krug1223029%15:10
2Mario FerraroArtem Zub1223031%16:03
3Travis HamonicMatt Benning1223032%16:23
4Charlie McAvoyTorey Krug122108%3:56
Power Play Forward
Line #Left WingCenterRight WingPHYDFOFWanted %Time %Time Play
1Logan CoutureBrayden PointDrake Batherson1225030%0:06
2Ilya MikheyevKevin HayesRyan Johansen1225070%0:14
Power Play Defense
Line #DefenseDefensePHYDFOFWanted %Time %Time Play
1Charlie McAvoyTorey Krug1225070%0:14
2Mario FerraroArtem Zub1225030%0:06
Penalty Kill 4 Players Forward
Line #CenterWingPHYDFOFWanted %Time %Time Play
1Brayden PointLogan Couture1225049%4:01
2Drake BathersonKevin Hayes1225051%4:07
Penalty Kill 4 Players Defense
Line #DefenseDefensePHYDFOFWanted %Time %Time Play
1Charlie McAvoyTorey Krug1225048%3:53
2Mario FerraroArtem Zub1225052%4:15
Penalty Kill 3 Players
Line #WingPHYDFOFWanted %Time %Time PlayDefenseDefensePHYDFOFWanted %Time %Time Play
1Brayden Point122500%0:00 Charlie McAvoyTorey Krug122500%0:00
2Logan Couture122500%0:00 Mario FerraroArtem Zub122500%0:00
4 vs 4 Forward
Line #CenterWingPHYDFOFWanted %Time %Time Play
1Brayden PointLogan Couture122500%0:00
2Drake BathersonKevin Hayes122500%0:00
4 vs 4 Defense
Line #DefensePHYDFOFWanted %Time %Time Play
1Charlie McAvoyTorey Krug122500%0:00
2Mario FerraroArtem Zub122500%0:00
Last Minutes Offensive
Left WingCenterRight WingDefenseDefense
Logan CoutureBrayden PointDrake BathersonCharlie McAvoyTorey Krug
Last Minutes Defensive
Left WingCenterRight WingDefenseDefense
Logan CoutureBrayden PointDrake BathersonCharlie McAvoyTorey Krug
Time
Total ForwardTotal DefenseLast Minutes OffensiveLast Minutes Defensive
60:00 60:00 0:000:00
Extra Forwards
Normal PowerPlayPenalty Kill
Nicolas Roy, Daniel Sprong, Luke EvangelistaNicolas Roy, Daniel SprongLuke Evangelista
Extra Defensemen
Normal PowerPlayPenalty Kill
Travis Hamonic, Matt Benning, Mario FerraroTravis Hamonic, Matt BenningMario Ferraro
Penalty Shots
Brayden Point, Logan Couture, Drake Batherson, Kevin Hayes, Ryan Johansen
Goalie
John Gibson, Casey Desmith
Custom OT Lines Forwards
Brayden Point, Logan Couture, Drake Batherson, Kevin Hayes, Ryan Johansen, Nicolas Roy, Ilya Mikheyev, Daniel Sprong, Luke Evangelista, Samuel Honzek
Custom OT Lines Defensemen
Charlie McAvoy, Torey Krug, Mario Ferraro, Artem Zub, Travis Hamonic
Scratches
Jack Drury (Healthy), Jake Muzzin (Healthy), Arseni Sergeev (Healthy)

Rangers

5 vs 5 Forward
Line #Left WingCenterRight WingPHYDFOFWanted %Time %Time Play
1Mats ZuccarelloMika ZibanejadChris Kreider1132928%14:41
2Filip ForsbergJean-Gabriel PageauJeff Skinner1132725%12:39
3Ryan HartmanErik HaulaKaapo Kakko1132424%12:31
4Alexis LafreniereDerick BrassardTyler Motte1132023%11:41
5 vs 5 Defense
Line #DefenseDefensePHYDFOFWanted %Time %Time Play
1Brayden McNabbK'Andre Miller1313635%18:14
2Adam LarssonHampus Lindholm1313432%16:29
3Jake McCabeErik Gustafsson1313033%16:49
4Adam LarssonK'Andre Miller04100%0:00
Power Play Forward
Line #Left WingCenterRight WingPHYDFOFWanted %Time %Time Play
1Mats ZuccarelloMika ZibanejadChris Kreider1135049%3:57
2Filip ForsbergJean-Gabriel PageauJeff Skinner1135051%4:11
Power Play Defense
Line #DefenseDefensePHYDFOFWanted %Time %Time Play
1Erik GustafssonHampus Lindholm1225347%3:50
2Adam LarssonK'Andre Miller1224753%4:18
Penalty Kill 4 Players Forward
Line #CenterWingPHYDFOFWanted %Time %Time Play
1Ryan HartmanErik Haula1315020%0:04
2Mika ZibanejadKaapo Kakko1315080%0:16
Penalty Kill 4 Players Defense
Line #DefenseDefensePHYDFOFWanted %Time %Time Play
1Brayden McNabbK'Andre Miller1315070%0:14
2Hampus LindholmJake McCabe1315030%0:06
Penalty Kill 3 Players
Line #WingPHYDFOFWanted %Time %Time PlayDefenseDefensePHYDFOFWanted %Time %Time Play
1Ryan Hartman140500%0:00 Brayden McNabbK'Andre Miller140500%0:00
2Mika Zibanejad140500%0:00 Hampus LindholmJake McCabe140500%0:00
4 vs 4 Forward
Line #CenterWingPHYDFOFWanted %Time %Time Play
1Mika ZibanejadChris Kreider113500%0:00
2Filip ForsbergJeff Skinner113500%0:00
4 vs 4 Defense
Line #DefensePHYDFOFWanted %Time %Time Play
1Hampus LindholmK'Andre Miller131500%0:00
2Adam LarssonErik Gustafsson131500%0:00
Last Minutes Offensive
Left WingCenterRight WingDefenseDefense
Filip ForsbergMika ZibanejadJeff SkinnerErik GustafssonK'Andre Miller
Last Minutes Defensive
Left WingCenterRight WingDefenseDefense
Ryan HartmanMika ZibanejadKaapo KakkoAdam LarssonK'Andre Miller
Time
Total ForwardTotal DefenseLast Minutes OffensiveLast Minutes Defensive
60:00 60:00 0:000:00
Extra Forwards
Normal PowerPlayPenalty Kill
Filip Forsberg, Jeff Skinner, Mats ZuccarelloJeff Skinner, Filip ForsbergRyan Hartman
Extra Defensemen
Normal PowerPlayPenalty Kill
Jake McCabe, Hampus Lindholm, Brayden McNabbErik Gustafsson, Jake McCabeAdam Larsson
Penalty Shots
Mika Zibanejad, Mats Zuccarello, Filip Forsberg, Kaapo Kakko, Alexis Lafreniere
Goalie
Antti Raanta, Igor Shesterkin
Custom OT Lines Forwards
Mika Zibanejad, Filip Forsberg, Mats Zuccarello, Jeff Skinner, Ryan Hartman, Erik Haula, Jean-Gabriel Pageau, Kaapo Kakko, Alexis Lafreniere, Chris Kreider
Custom OT Lines Defensemen
Adam Larsson, K'Andre Miller, Brayden McNabb, Hampus Lindholm, Erik Gustafsson
Scratches
John Marino (Healthy), Sam Steel (Healthy), Tyler Myers (Healthy)


Play-by-Play

1st period


0:01 of 1st period - Mika Zibanejad wins face-off versus Brayden Point in neutral zone.
0:26 of 1st period - Kevin Hayes is hit by Brayden McNabb and loses puck.
0:53 of 1st period - Mario Ferraro is hit by Adam Larsson.
0:56 of 1st period - Off-side.
0:57 of 1st period - Erik Haula wins face-off versus Nicolas Roy in neutral zone.
1:04 of 1st period - Snap shot by Erik Haula.
1:04 of 1st period - Shot Misses the Net.
1:37 of 1st period - Jake McCabe is hit by Kevin Hayes and loses puck.
2:14 of 1st period - Snap shot by Nicolas Roy.
2:14 of 1st period - Stopped by Antti Raanta with a rebound.
2:16 of 1st period - Slapshot by Mario Ferraro.
2:16 of 1st period - Shot Misses the Net.
2:51 of 1st period - Snap shot by Derick Brassard.
2:51 of 1st period - Stopped by John Gibson with a rebound.
4:11 of 1st period - Snap shot by Derick Brassard.
4:11 of 1st period - Deflect By Tyler Motte.
4:11 of 1st period - Stopped by John Gibson without a rebound.
4:12 of 1st period - Brayden Point wins face-off versus Mika Zibanejad in Red Wings zone.
4:19 of 1st period - Jake McCabe is hit by Drake Batherson.
4:51 of 1st period - Wrist shot by Luke Evangelista.
4:51 of 1st period - Stopped by Antti Raanta without a rebound.
4:52 of 1st period - Kevin Hayes wins face-off versus Jean-Gabriel Pageau in Rangers zone.
5:17 of 1st period - Nicolas Roy is hit by Derick Brassard and loses puck.
5:56 of 1st period - Brayden McNabb is hit by Jordan Greenway and loses puck.
6:03 of 1st period - Snap shot by Samuel Honzek.
6:03 of 1st period - Shot Blocked by Brayden McNabb.
6:43 of 1st period - Snap shot by Erik Haula.
6:43 of 1st period - Stopped by John Gibson without a rebound.
6:44 of 1st period - Jean-Gabriel Pageau wins face-off versus Drake Batherson in Red Wings zone.
7:49 of 1st period - Icing by Charlie McAvoy.
7:50 of 1st period - Samuel Honzek wins face-off versus Filip Forsberg in Red Wings zone.
7:56 of 1st period - Charlie McAvoy is hit by Filip Forsberg and loses puck.
8:47 of 1st period - Wrist shot by Daniel Sprong.
8:47 of 1st period - Shot Misses the Net.
9:36 of 1st period - Jake McCabe is hit by Drake Batherson and loses puck.
9:45 of 1st period - Snap shot by Filip Forsberg.
9:45 of 1st period - Shot Misses the Net.
10:01 of 1st period - Wrist shot by Ryan Hartman.
10:01 of 1st period - Shot Misses the Net.
10:03 of 1st period - Snap shot by Ryan Hartman.
10:03 of 1st period - Shot Blocked by Nicolas Roy.
10:27 of 1st period - Snap shot by Kevin Hayes.
10:27 of 1st period - Stopped by Antti Raanta without a rebound.
10:28 of 1st period - Derick Brassard wins face-off versus Drake Batherson in Rangers zone.
10:33 of 1st period - Slapshot by Hampus Lindholm.
10:33 of 1st period - Shot Misses the Net.
11:24 of 1st period - Snap shot by Erik Haula.
11:24 of 1st period - Shot Blocked by Torey Krug.
11:26 of 1st period - Slapshot by Adam Larsson.
11:26 of 1st period - Stopped by John Gibson with a rebound.
12:15 of 1st period - Minor Penalty to Matt Benning for Interference.
12:16 of 1st period - Brayden Point wins face-off versus Mika Zibanejad in Red Wings zone.
12:29 of 1st period - Wrist shot by Kevin Hayes.
12:29 of 1st period - Shot Misses the Net.
12:47 of 1st period - Charlie McAvoy is hit by Jean-Gabriel Pageau and loses puck.
14:04 of 1st period - Charlie McAvoy is hit by Jean-Gabriel Pageau and loses puck.
14:15 of 1st period - Penalty to Matt Benning is over, Matt Benning is back on ice.
14:27 of 1st period - Slapshot by Daniel Sprong.
14:27 of 1st period - Stopped by Antti Raanta with a rebound.
14:29 of 1st period - Wrist shot by Nicolas Roy.
14:29 of 1st period - Deflect By Daniel Sprong.
14:29 of 1st period - Stopped by Antti Raanta without a rebound.
14:30 of 1st period - Erik Haula wins face-off versus Nicolas Roy in Rangers zone.
14:52 of 1st period - Wrist shot by Daniel Sprong.
14:52 of 1st period - Shot Misses the Net.
14:54 of 1st period - Slapshot by Mario Ferraro.
14:54 of 1st period - Shot Blocked by Alexis Lafreniere.
15:06 of 1st period - Snap shot by Luke Evangelista.
15:06 of 1st period - Stopped by Antti Raanta without a rebound.
15:07 of 1st period - Jean-Gabriel Pageau wins face-off versus Kevin Hayes in Rangers zone.
15:07 of 1st period - Jean-Gabriel Pageau is hit by Kevin Hayes.
15:32 of 1st period - Drake Batherson is hit by Brayden McNabb and loses puck.
16:22 of 1st period - Snap shot by Kevin Hayes.
16:22 of 1st period - Deflect By Hampus Lindholm.
16:22 of 1st period - Stopped by Antti Raanta with a rebound.
16:24 of 1st period - Wrist shot by Ryan Johansen.
16:24 of 1st period - Shot Misses the Net.
16:26 of 1st period - Snap shot by Kevin Hayes.
16:26 of 1st period - Shot Blocked by Hampus Lindholm.
16:28 of 1st period - Wrist shot by Ryan Johansen.
16:28 of 1st period - Shot Misses the Net.
16:30 of 1st period - Slapshot by Charlie McAvoy.
16:30 of 1st period - Shot Blocked by Alexis Lafreniere.
16:48 of 1st period - Wrist shot by Filip Forsberg.
16:48 of 1st period - Shot Misses the Net.
16:50 of 1st period - Snap shot by Jean-Gabriel Pageau.
16:50 of 1st period - Stopped by John Gibson with a rebound.
17:08 of 1st period - Wrist shot by Brayden Point.
17:08 of 1st period - Shot Misses the Net.
17:10 of 1st period - Snap shot by Logan Couture.
17:10 of 1st period - Stopped by Antti Raanta with a rebound.
17:12 of 1st period - Snap shot by Charlie McAvoy.
17:12 of 1st period - Deflect By Chris Kreider.
17:12 of 1st period - Stopped by Antti Raanta with a rebound.
17:22 of 1st period - Travis Hamonic is hit by Brayden McNabb and loses puck.
17:47 of 1st period - Jean-Gabriel Pageau is hit by Ryan Johansen and loses puck.
18:12 of 1st period - Wrist shot by Logan Couture.
18:12 of 1st period - Stopped by Antti Raanta with a rebound.
18:39 of 1st period - K'Andre Miller is hit by Matt Benning and loses puck.
18:56 of 1st period - Kevin Hayes is hit by Erik Haula and loses puck.
19:01 of 1st period - Snap shot by Ryan Hartman.
19:01 of 1st period - Deflect By Erik Haula.
19:01 of 1st period - Shot Misses the Net.
19:01 of 1st period - Puck is out of play.
19:02 of 1st period - Derick Brassard wins face-off versus Brayden Point in Red Wings zone.
19:05 of 1st period - Backhand shot by Alexis Lafreniere.
19:05 of 1st period - Shot Misses the Net.
19:13 of 1st period - Hampus Lindholm is hit by Artem Zub and loses puck.
19:54 of 1st period - Jeff Skinner is hit by Nicolas Roy and loses puck.
19:59 of 1st period - Wrist shot by Luke Evangelista.
19:59 of 1st period - Shot Misses the Net.
Goals for this period are 0 for Red Wings vs 0 for Rangers.
Shots for this period are 10 for Red Wings vs 5 for Rangers.

2nd period


0:01 of 2nd period - Mika Zibanejad wins face-off versus Kevin Hayes in neutral zone.
0:04 of 2nd period - Snap shot by Chris Kreider.
0:04 of 2nd period - Stopped by John Gibson with a rebound.
0:16 of 2nd period - Snap shot by Kevin Hayes.
0:16 of 2nd period - Shot Misses the Net.
0:26 of 2nd period - Mika Zibanejad is hit by Drake Batherson and loses puck.
0:37 of 2nd period - Slapshot by Logan Couture.
0:37 of 2nd period - Shot Misses the Net.
1:22 of 2nd period - Wrist shot by Nicolas Roy.
1:22 of 2nd period - Shot Misses the Net.
1:30 of 2nd period - Mario Ferraro is hit by Filip Forsberg and loses puck.
1:41 of 2nd period - Snap shot by Jeff Skinner.
1:41 of 2nd period - Goal by Jeff Skinner - Red Wings : 0 - Rangers : 1.
1:42 of 2nd period - Kevin Hayes wins face-off versus Erik Haula in neutral zone.
1:49 of 2nd period - Adam Larsson is hit by Ilya Mikheyev.
1:55 of 2nd period - Snap shot by Kevin Hayes.
1:55 of 2nd period - Shot Misses the Net.
2:29 of 2nd period - Derick Brassard is hit by Jordan Greenway and loses puck.
2:34 of 2nd period - Wrist shot by Samuel Honzek.
2:34 of 2nd period - Deflect By Philip Tomasino.
2:34 of 2nd period - Stopped by Antti Raanta without a rebound.
2:35 of 2nd period - Mika Zibanejad wins face-off versus Philip Tomasino in Rangers zone.
2:56 of 2nd period - Slapshot by Charlie McAvoy.
2:56 of 2nd period - Stopped by Antti Raanta with a rebound.
3:22 of 2nd period - Snap shot by Samuel Honzek.
3:22 of 2nd period - Stopped by Antti Raanta without a rebound.
3:23 of 2nd period - Jean-Gabriel Pageau wins face-off versus Kevin Hayes in Rangers zone.
3:48 of 2nd period - Ryan Johansen is hit by Alexis Lafreniere.
3:52 of 2nd period - Snap shot by Kevin Hayes.
3:52 of 2nd period - Stopped by Antti Raanta with a rebound.
3:55 of 2nd period - Icing by Jake McCabe.
3:56 of 2nd period - Derick Brassard wins face-off versus Brayden Point in Rangers zone.
4:05 of 2nd period - Logan Couture is hit by Erik Gustafsson and loses puck.
4:12 of 2nd period - Wrist shot by Derick Brassard.
4:12 of 2nd period - Shot Misses the Net.
4:14 of 2nd period - Slapshot by Erik Gustafsson.
4:14 of 2nd period - Shot Blocked by Logan Couture.
4:16 of 2nd period - Snap shot by Jake McCabe.
4:16 of 2nd period - Stopped by John Gibson without a rebound.
4:17 of 2nd period - Kevin Hayes wins face-off versus Erik Haula in Red Wings zone.
4:28 of 2nd period - Snap shot by Ryan Hartman.
4:28 of 2nd period - Shot Misses the Net.
4:30 of 2nd period - Snap shot by Ryan Hartman.
4:30 of 2nd period - Stopped by John Gibson with a rebound.
4:32 of 2nd period - Slapshot by K'Andre Miller.
4:32 of 2nd period - Stopped by John Gibson with a rebound.
4:42 of 2nd period - Brayden McNabb is hit by Nicolas Roy and loses puck.
4:59 of 2nd period - Minor Penalty to Charlie McAvoy for Interference.
5:00 of 2nd period - Brayden Point wins face-off versus Jean-Gabriel Pageau in Red Wings zone.
6:59 of 2nd period - Penalty to Charlie McAvoy is over, Charlie McAvoy is back on ice.
7:02 of 2nd period - Filip Forsberg is hit by Nicolas Roy and loses puck.
7:09 of 2nd period - Wrist shot by Nicolas Roy.
7:09 of 2nd period - Shot Blocked by Jean-Gabriel Pageau.
7:11 of 2nd period - Slapshot by Charlie McAvoy.
7:11 of 2nd period - Shot Blocked by Adam Larsson.
7:21 of 2nd period - Slapshot by Charlie McAvoy.
7:21 of 2nd period - Stopped by Antti Raanta with a rebound.
7:23 of 2nd period - Slapshot by Philip Tomasino.
7:23 of 2nd period - Shot Misses the Net.
7:25 of 2nd period - Slapshot by Travis Hamonic.
7:25 of 2nd period - Shot Blocked by K'Andre Miller.
7:27 of 2nd period - Snap shot by Jordan Greenway.
7:27 of 2nd period - Shot Misses the Net.
7:39 of 2nd period - K'Andre Miller is hit by Travis Hamonic and loses puck.
8:24 of 2nd period - Wrist shot by Ryan Hartman.
8:24 of 2nd period - Stopped by John Gibson with a rebound.
8:26 of 2nd period - Wrist shot by Erik Haula.
8:26 of 2nd period - Shot Hit the Post.
8:58 of 2nd period - Snap shot by Philip Tomasino.
8:58 of 2nd period - Shot Misses the Net.
9:04 of 2nd period - Erik Haula is hit by Jordan Greenway and loses puck.
10:08 of 2nd period - Wrist shot by Ryan Hartman.
10:08 of 2nd period - Goal by Ryan Hartman - Red Wings : 0 - Rangers : 2.
10:09 of 2nd period - Brayden Point wins face-off versus Mats Zuccarello in neutral zone.
10:16 of 2nd period - Snap shot by Logan Couture.
10:16 of 2nd period - Stopped by Antti Raanta with a rebound.
10:18 of 2nd period - Slapshot by Matt Benning.
10:18 of 2nd period - Shot Blocked by Brayden McNabb.
10:20 of 2nd period - Snap shot by Brayden Point.
10:20 of 2nd period - Shot Misses the Net.
10:22 of 2nd period - Snap shot by Drake Batherson.
10:22 of 2nd period - Stopped by Antti Raanta without a rebound.
10:23 of 2nd period - Jean-Gabriel Pageau wins face-off versus Kevin Hayes in Rangers zone.
10:32 of 2nd period - Off-side.
10:33 of 2nd period - Jean-Gabriel Pageau wins face-off versus Kevin Hayes in neutral zone.
10:42 of 2nd period - K'Andre Miller is hit by Kevin Hayes and loses puck.
10:51 of 2nd period - K'Andre Miller is hit by Ryan Johansen and loses puck.
11:36 of 2nd period - Off-side.
11:37 of 2nd period - Brayden Point wins face-off versus Mika Zibanejad in neutral zone.
12:01 of 2nd period - Minor Penalty to Torey Krug for Hooking.
12:02 of 2nd period - Mika Zibanejad wins face-off versus Brayden Point in Red Wings zone.
12:05 of 2nd period - Snap shot by Mika Zibanejad.
12:05 of 2nd period - Shot Misses the Net.
12:07 of 2nd period - Slapshot by Mika Zibanejad.
12:07 of 2nd period - Shot Misses the Net.
12:09 of 2nd period - Snap shot by Hampus Lindholm.
12:09 of 2nd period - Stopped by John Gibson with a rebound.
12:11 of 2nd period - Snap shot by Chris Kreider.
12:11 of 2nd period - Shot Misses the Net.
12:13 of 2nd period - Snap shot by Mika Zibanejad.
12:13 of 2nd period - Goal by Mika Zibanejad - Red Wings : 0 - Rangers : 3.
12:14 of 2nd period - Brayden Point wins face-off versus Mika Zibanejad in neutral zone.
12:16 of 2nd period - Off-side.
12:17 of 2nd period - Mika Zibanejad wins face-off versus Brayden Point in neutral zone.
12:33 of 2nd period - Wrist shot by Drake Batherson.
12:33 of 2nd period - Shot Misses the Net.
12:45 of 2nd period - Daniel Sprong is hit by Adam Larsson.
12:51 of 2nd period - Snap shot by Alexis Lafreniere.
12:51 of 2nd period - Stopped by John Gibson with a rebound.
12:53 of 2nd period - Snap shot by Tyler Motte.
12:53 of 2nd period - Deflect By Charlie McAvoy.
12:53 of 2nd period - Stopped by John Gibson without a rebound.
12:54 of 2nd period - Brayden Point wins face-off versus Jean-Gabriel Pageau in Red Wings zone.
13:21 of 2nd period - K'Andre Miller is hit by Matt Benning and loses puck.
13:46 of 2nd period - Snap shot by Luke Evangelista.
13:46 of 2nd period - Shot Blocked by Tyler Motte.
14:29 of 2nd period - Snap shot by Filip Forsberg.
14:29 of 2nd period - Deflect By Jeff Skinner.
14:29 of 2nd period - Goal by Jeff Skinner - Red Wings : 0 - Rangers : 4.
14:29 of 2nd period - Casey Desmith enters game.
14:30 of 2nd period - Mika Zibanejad wins face-off versus Nicolas Roy in neutral zone.
14:33 of 2nd period - Slapshot by Hampus Lindholm.
14:33 of 2nd period - Stopped by Casey Desmith without a rebound.
14:34 of 2nd period - Nicolas Roy wins face-off versus Mika Zibanejad in Red Wings zone.
14:36 of 2nd period - Minor Penalty to Artem Zub for Roughing.
14:37 of 2nd period - Filip Forsberg wins face-off versus Drake Batherson in Red Wings zone.
15:09 of 2nd period - Off-side.
15:10 of 2nd period - Mika Zibanejad wins face-off versus Brayden Point in neutral zone.
15:21 of 2nd period - Wrist shot by Mats Zuccarello.
15:21 of 2nd period - Shot Blocked by Torey Krug.
15:23 of 2nd period - Snap shot by Chris Kreider.
15:23 of 2nd period - Shot Blocked by Charlie McAvoy.
15:25 of 2nd period - Slapshot by Adam Larsson.
15:25 of 2nd period - Shot Misses the Net.
15:38 of 2nd period - Icing by Filip Forsberg.
15:39 of 2nd period - Jean-Gabriel Pageau wins face-off versus Drake Batherson in Rangers zone.
15:48 of 2nd period - Backhand shot by Jean-Gabriel Pageau.
15:48 of 2nd period - Shot Misses the Net.
15:50 of 2nd period - Snap shot by Jean-Gabriel Pageau.
15:50 of 2nd period - Stopped by Casey Desmith with a rebound.
16:08 of 2nd period - Snap shot by Mika Zibanejad.
16:08 of 2nd period - Shot Misses the Net.
16:10 of 2nd period - Wrist shot by Chris Kreider.
16:10 of 2nd period - Shot Misses the Net.
16:12 of 2nd period - Slapshot by Mika Zibanejad.
16:12 of 2nd period - Shot Blocked by Mario Ferraro.
16:36 of 2nd period - Penalty to Artem Zub is over, Artem Zub is back on ice.
17:13 of 2nd period - Jake McCabe is hit by Matt Benning and loses puck.
17:18 of 2nd period - Snap shot by Nicolas Roy.
17:18 of 2nd period - Stopped by Antti Raanta with a rebound.
17:28 of 2nd period - Tyler Motte is hit by Daniel Sprong and loses puck.
17:43 of 2nd period - Derick Brassard is hit by Daniel Sprong and loses puck.
17:48 of 2nd period - Wrist shot by Daniel Sprong.
17:48 of 2nd period - Stopped by Antti Raanta with a rebound.
18:00 of 2nd period - Tyler Motte is hit by Daniel Sprong and loses puck.
18:17 of 2nd period - Wrist shot by Derick Brassard.
18:17 of 2nd period - Deflect By Alexis Lafreniere.
18:17 of 2nd period - Stopped by Casey Desmith with a rebound.
18:19 of 2nd period - Slapshot by Tyler Motte.
18:19 of 2nd period - Shot Misses the Net.
18:23 of 2nd period - Wrist shot by Alexis Lafreniere.
18:23 of 2nd period - Shot Misses the Net.
18:25 of 2nd period - Slapshot by Adam Larsson.
18:25 of 2nd period - Shot Blocked by Luke Evangelista.
18:27 of 2nd period - Snap shot by Brayden McNabb.
18:27 of 2nd period - Shot Misses the Net.
18:29 of 2nd period - Slapshot by Brayden McNabb.
18:29 of 2nd period - Shot Blocked by Torey Krug.
18:31 of 2nd period - Slapshot by Brayden McNabb.
18:31 of 2nd period - Shot Blocked by Torey Krug.
18:33 of 2nd period - Slapshot by K'Andre Miller.
18:33 of 2nd period - Deflect By Derick Brassard.
18:33 of 2nd period - Shot Blocked by Torey Krug.
18:33 of 2nd period - Puck is out of play.
18:34 of 2nd period - Brayden Point wins face-off versus Mika Zibanejad in Red Wings zone.
18:43 of 2nd period - Wrist shot by Brayden Point.
18:43 of 2nd period - Shot Blocked by K'Andre Miller.
19:08 of 2nd period - Minor Penalty to Ilya Mikheyev for Roughing.
19:09 of 2nd period - Brayden Point wins face-off versus Jean-Gabriel Pageau in Red Wings zone.
19:09 of 2nd period - Charlie McAvoy is hit by Jeff Skinner and loses puck.
19:33 of 2nd period - Charlie McAvoy is hit by Filip Forsberg and loses puck.
19:56 of 2nd period - Snap shot by Mika Zibanejad.
19:56 of 2nd period - Shot Misses the Net.
19:58 of 2nd period - Snap shot by Chris Kreider.
19:58 of 2nd period - Shot Misses the Net.
Goals for this period are 0 for Red Wings vs 4 for Rangers.
Shots for this period are 9 for Red Wings vs 15 for Rangers.

3rd period


0:01 of 3rd period - Brayden Point wins face-off versus Jean-Gabriel Pageau in neutral zone.
0:04 of 3rd period - Slapshot by Logan Couture.
0:04 of 3rd period - Deflect By Brayden Point.
0:04 of 3rd period - Stopped by Antti Raanta with a rebound.
0:06 of 3rd period - Slapshot by Artem Zub.
0:06 of 3rd period - Shot Misses the Net.
0:36 of 3rd period - Snap shot by Mika Zibanejad.
0:36 of 3rd period - Shot Misses the Net.
0:38 of 3rd period - Slapshot by Hampus Lindholm.
0:38 of 3rd period - Stopped by Casey Desmith with a rebound.
0:49 of 3rd period - Icing by Adam Larsson.
0:50 of 3rd period - Jean-Gabriel Pageau wins face-off versus Brayden Point in Rangers zone.
1:08 of 3rd period - Penalty to Ilya Mikheyev is over, Ilya Mikheyev is back on ice.
1:19 of 3rd period - Snap shot by Kevin Hayes.
1:19 of 3rd period - Stopped by Antti Raanta without a rebound.
1:20 of 3rd period - Ryan Johansen wins face-off versus Derick Brassard in Rangers zone.
1:26 of 3rd period - Alexis Lafreniere beats up Artem Zub.
1:26 of 3rd period - Penalty to Alexis Lafreniere for Fighting.
1:26 of 3rd period - Penalty to Artem Zub for Fighting.
1:27 of 3rd period - Mika Zibanejad wins face-off versus Brayden Point in Rangers zone.
1:54 of 3rd period - Hampus Lindholm is hit by Travis Hamonic and loses puck.
2:19 of 3rd period - Charlie McAvoy is hit by K'Andre Miller and loses puck.
2:59 of 3rd period - Kevin Hayes is hit by Jean-Gabriel Pageau.
3:09 of 3rd period - Slapshot by Philip Tomasino.
3:09 of 3rd period - Shot Misses the Net.
3:11 of 3rd period - Slapshot by Torey Krug.
3:11 of 3rd period - Stopped by Antti Raanta without a rebound.
3:12 of 3rd period - Mika Zibanejad wins face-off versus Brayden Point in Rangers zone.
3:17 of 3rd period - Brayden Point is hit by Mika Zibanejad and loses puck.
3:37 of 3rd period - Adam Larsson is hit by Kevin Hayes.
3:43 of 3rd period - Wrist shot by Ryan Johansen.
3:43 of 3rd period - Stopped by Antti Raanta without a rebound.
3:44 of 3rd period - Nicolas Roy wins face-off versus Erik Haula in Rangers zone.
3:53 of 3rd period - Slapshot by Kaapo Kakko.
3:53 of 3rd period - Stopped by Casey Desmith with a rebound.
3:55 of 3rd period - Wrist shot by Kaapo Kakko.
3:55 of 3rd period - Stopped by Casey Desmith with a rebound.
3:57 of 3rd period - Snap shot by Kaapo Kakko.
3:57 of 3rd period - Shot Misses the Net.
4:13 of 3rd period - Snap shot by Ryan Johansen.
4:13 of 3rd period - Deflect By Ilya Mikheyev.
4:13 of 3rd period - Stopped by Antti Raanta with a rebound.
4:55 of 3rd period - Slapshot by Samuel Honzek.
4:55 of 3rd period - Shot Misses the Net.
5:13 of 3rd period - Travis Hamonic is hit by Tyler Motte and loses puck.
5:41 of 3rd period - Mario Ferraro is hit by Filip Forsberg and loses puck.
5:56 of 3rd period - Wrist shot by Derick Brassard.
5:56 of 3rd period - Deflect By Filip Forsberg.
5:56 of 3rd period - Stopped by Casey Desmith with a rebound.
5:58 of 3rd period - Slapshot by Brayden McNabb.
5:58 of 3rd period - Shot Misses the Net.
6:08 of 3rd period - Wrist shot by Filip Forsberg.
6:08 of 3rd period - Stopped by Casey Desmith with a rebound.
6:10 of 3rd period - Slapshot by K'Andre Miller.
6:10 of 3rd period - Stopped by Casey Desmith with a rebound.
6:12 of 3rd period - Slapshot by K'Andre Miller.
6:12 of 3rd period - Stopped by Casey Desmith without a rebound.
6:13 of 3rd period - Brayden Point wins face-off versus Erik Haula in Red Wings zone.
6:40 of 3rd period - Luke Evangelista is hit by Brayden McNabb and loses puck.
7:25 of 3rd period - Snap shot by Jeff Skinner.
7:25 of 3rd period - Stopped by Casey Desmith with a rebound.
7:41 of 3rd period - Kaapo Kakko is hit by Daniel Sprong and loses puck.
8:16 of 3rd period - Jake McCabe is hit by Kevin Hayes and loses puck.
8:55 of 3rd period - Snap shot by Daniel Sprong.
8:55 of 3rd period - Stopped by Antti Raanta with a rebound.
9:09 of 3rd period - Jeff Skinner is hit by Drake Batherson and loses puck.
9:26 of 3rd period - Snap shot by Kevin Hayes.
9:26 of 3rd period - Stopped by Antti Raanta with a rebound.
10:00 of 3rd period - Wrist shot by Erik Haula.
10:00 of 3rd period - Stopped by Casey Desmith with a rebound.
10:02 of 3rd period - Slapshot by Kaapo Kakko.
10:02 of 3rd period - Stopped by Casey Desmith with a rebound.
10:43 of 3rd period - Kevin Hayes is hit by Mats Zuccarello and loses puck.
10:58 of 3rd period - Snap shot by Daniel Sprong.
10:58 of 3rd period - Shot Misses the Net.
11:00 of 3rd period - Snap shot by Luke Evangelista.
11:00 of 3rd period - Stopped by Antti Raanta without a rebound.
11:01 of 3rd period - Jean-Gabriel Pageau wins face-off versus Luke Evangelista in Rangers zone.
11:01 of 3rd period - Jean-Gabriel Pageau is hit by Nicolas Roy.
11:55 of 3rd period - Slapshot by Nicolas Roy.
11:55 of 3rd period - Stopped by Antti Raanta with a rebound.
11:57 of 3rd period - Slapshot by Logan Couture.
11:57 of 3rd period - Stopped by Antti Raanta with a rebound.
11:59 of 3rd period - Snap shot by Logan Couture.
11:59 of 3rd period - Shot Blocked by Erik Gustafsson.
12:03 of 3rd period - Wrist shot by Drake Batherson.
12:03 of 3rd period - Deflect By Logan Couture.
12:03 of 3rd period - Stopped by Antti Raanta with a rebound.
12:05 of 3rd period - Wrist shot by Brayden Point.
12:05 of 3rd period - Goal by Brayden Point - Red Wings : 1 - Rangers : 4.
12:06 of 3rd period - Brayden Point wins face-off versus Chris Kreider in neutral zone.
12:06 of 3rd period - Charlie McAvoy is hit by Mats Zuccarello and loses puck.
12:15 of 3rd period - Snap shot by Brayden Point.
12:15 of 3rd period - Stopped by Antti Raanta with a rebound.
12:17 of 3rd period - Slapshot by Torey Krug.
12:17 of 3rd period - Shot Blocked by Brayden McNabb.
12:19 of 3rd period - Snap shot by Drake Batherson.
12:19 of 3rd period - Stopped by Antti Raanta without a rebound.
12:20 of 3rd period - Jean-Gabriel Pageau wins face-off versus Kevin Hayes in Rangers zone.
12:20 of 3rd period - Jean-Gabriel Pageau is hit by Ryan Johansen.
14:34 of 3rd period - Wrist shot by Luke Evangelista.
14:34 of 3rd period - Shot Misses the Net.
14:42 of 3rd period - Mats Zuccarello is hit by Nicolas Roy and loses puck.
14:57 of 3rd period - Snap shot by Chris Kreider.
14:57 of 3rd period - Shot Misses the Net.
15:07 of 3rd period - Jordan Greenway is hit by Erik Haula and loses puck.
15:44 of 3rd period - Snap shot by Brayden Point.
15:44 of 3rd period - Shot Blocked by K'Andre Miller.
15:56 of 3rd period - Wrist shot by Logan Couture.
15:56 of 3rd period - Shot Misses the Net.
15:58 of 3rd period - Slapshot by Brayden Point.
15:58 of 3rd period - Shot Misses the Net.
17:06 of 3rd period - Slapshot by Charlie McAvoy.
17:06 of 3rd period - Deflect By Brayden Point.
17:06 of 3rd period - Stopped by Antti Raanta without a rebound.
17:07 of 3rd period - Derick Brassard wins face-off versus Brayden Point in Rangers zone.
17:07 of 3rd period - Erik Gustafsson is hit by Artem Zub and loses puck.
17:40 of 3rd period - Snap shot by Logan Couture.
17:40 of 3rd period - Stopped by Antti Raanta with a rebound.
17:42 of 3rd period - Snap shot by Logan Couture.
17:42 of 3rd period - Stopped by Antti Raanta without a rebound.
17:42 of 3rd period - Minor Penalty to Antti Raanta for Slashing.
17:43 of 3rd period - Ryan Hartman wins face-off versus Kevin Hayes in Rangers zone.
17:43 of 3rd period - Ryan Hartman is hit by Ryan Johansen.
17:56 of 3rd period - Off-side.
17:57 of 3rd period - Brayden Point wins face-off versus Mika Zibanejad in neutral zone.
18:02 of 3rd period - Snap shot by Logan Couture.
18:02 of 3rd period - Goal by Logan Couture - Red Wings : 2 - Rangers : 4.
18:03 of 3rd period - Nicolas Roy wins face-off versus Erik Haula in neutral zone.
18:08 of 3rd period - Snap shot by Luke Evangelista.
18:08 of 3rd period - Stopped by Antti Raanta with a rebound.
18:32 of 3rd period - Alexis Lafreniere is hit by Torey Krug and loses puck.
19:13 of 3rd period - Matt Benning is hit by K'Andre Miller and loses puck.
19:38 of 3rd period - Wrist shot by Filip Forsberg.
19:38 of 3rd period - Shot Misses the Net.
Goals for this period are 2 for Red Wings vs 0 for Rangers.
Shots for this period are 19 for Red Wings vs 10 for Rangers.